 Dungeon Crawl Stone Soup version 0.19-a0-1662-gb81896f (webtiles) character file.

3103 Hennin the Digger (level 9, -9/52 HPs)
             Began as a Gargoyle Earth Elementalist on Sept 21, 2016.
             Was a Believer of Vehumet.
             Mangled by an orc knight
             ... wielding a +0 glaive
              (47 damage)
             ... in a bailey.
             The game lasted 00:30:39 (9293 turns).

Hennin the Digger (Gargoyle Earth Elementalist)     Turns: 9293, Time: 00:30:39

Health: -9/52      AC: 11    Str: 11    XL:     9   Next: 90%
Magic:  5/20       EV: 13    Int: 20    God:    Vehumet [**....]
Gold:   414        SH:  0    Dex: 10    Spells: 3 memorised, 14 levels left

rFire  . . .     SeeInvis +     u - +3 dagger (venom)
rCold  . . .     Gourm    .     C - +0 robe
rNeg   + . .     Faith    .     (no shield)
rPois  ∞         Spirit   .     i - +0 helmet
rElec  +         Dismiss  .     q - +0 cloak
rCorr  .         Reflect  .     F - +0 pair of gloves
MR     .....     Harm     .     (no boots)
Stlth  ++........               (no amulet)
                                s - ring of see invisible
                                t - ring of wizardry

@: no status effects
A: negative energy resistance 1, electricity resistance, unbreathing,
petrification resistance, rot immunity, AC +5
a: Renounce Religion


You were in a bailey.
You worshipped Vehumet.
Vehumet was pleased with you.
You were very full.

You visited 2 branches of the dungeon, and saw 8 of its levels.
You also visited: Bailey.

You collected 414 gold pieces.

Inventory:

Hand Weapons
 h - a +2 mace
 u - a +3 dagger of venom (weapon)
 v - a +0 mace of protection
 G - a cursed -1 whip
 K - a +1 trident
Missiles
 b - 151 stones (quivered)
 l - 3 tomahawks of dispersal
Armour
 i - a +0 helmet (worn)
 q - a +0 cloak (worn)
 C - a +0 robe (worn)
 F - a +0 pair of gloves (worn)
Jewellery
 s - a ring of see invisible (right hand)
 t - a ring of wizardry (left hand)
 x - an uncursed ring of stealth
Wands
 c - a wand of digging (9/24)
 o - a wand of iceblast (3/15)
 z - a wand of lightning (0/15)
 H - a wand of flame (12/48)
Scrolls
 f - 2 scrolls of fog
 w - 6 scrolls of teleportation
Potions
 g - 4 potions of curing
 m - a potion of flight
 r - 4 potions of heal wounds
 A - 2 potions of agility
 D - 3 potions of berserk rage {unknown}
 J - a potion of resistance {unknown}
Books
 e - a book of Geomancy

   Spells                             Type                      Level
   a - Sandblast                      Earth                        1
   b - Passwall                       Transmutation/Earth          2
   c - Stone Arrow                    Conjuration/Earth            3
   d - Petrify                        Transmutation/Earth          4
   e - Lee's Rapid Deconstruction     Earth                        5
 y - a book of Enchantments

   Spells                             Type                      Level
   a - Cause Fear                     Hexes                        4
   b - Yara's Violent Unravelling     Hexes/Transmutation          5
   c - Silence                        Hexes/Air                    5
   d - Deflect Missiles               Charms/Air                   6
   e - Haste                          Charms                       6
   f - Discord                        Hexes                        8
 B - a book of Misfortune

   Spells                             Type                      Level
   a - Confusing Touch                Hexes                        1
   b - Confuse                        Hexes                        3
   c - Gell's Gravitas                Hexes/Translocation          3
   d - Petrify                        Transmutation/Earth          4
   e - Metabolic Englaciation         Hexes/Ice                    5
   f - Yara's Violent Unravelling     Hexes/Transmutation          5
 I - a book of Cantrips

   Spells                             Type                      Level
   a - Confusing Touch                Hexes                        1
   b - Animate Skeleton               Necromancy                   1
   c - Summon Small Mammal            Summoning                    1
   d - Apportation                    Translocation                1
 L - a book of Air

   Spells                             Type                      Level
   a - Shock                          Conjuration/Air              1
   b - Swiftness                      Charms/Air                   2
   c - Repel Missiles                 Charms/Air                   2
   d - Static Discharge               Conjuration/Air              3
   e - Lightning Bolt                 Conjuration/Air              5
Comestibles
 a - 2 fruits
 d - 5 bread rations
 k - 6 chunks of flesh
 n - 3 meat rations
 p - a royal jelly
 E - a slice of pizza


   Skills:
 + Level 3.7 Fighting
 + Level 3.7 Maces & Flails
 + Level 3.5 Armour
 + Level 3.2 Dodging
 - Level 2.1 Stealth
 * Level 7.7 Spellcasting
 + Level 5.6 Conjurations
   Level 0.7 Transmutations
 + Level 7.8 Earth Magic


You had 14 spell levels left.
You knew the following spells:

 Your Spells              Type           Power        Failure   Level  Hunger
a - Sandblast             Erth           #####.       1%          1    None
b - Stone Arrow           Conj/Erth      ####..       1%          3    None
c - Lee's Rapid Deconstr  Erth           #####.....   4%          5    #####..


Dungeon Overview and Level Annotations

Branches:
Dungeon (7/15)             Temple (1/1) D:5

Altars:
Ashenzari
Cheibriados
Dithmenos
Elyvilon
Fedhas
Gozag
Hepliaklqana
Kikubaaqudgha
Makhleb
Nemelex Xobeh
Okawaru
Qazlal
Ru
Sif Muna
Trog
Vehumet
Xom
Yredelemnul
Zin
The Shining One


Innate Abilities, Weirdness & Mutations

You are resistant to torment.
Your stone body is resilient. (AC +5)
You are immune to poison.
You resist negative energy. (rN+)
You are resistant to electric shocks. (rElec)
You can survive without breathing.
You are immune to petrification.
You are immune to rotting.


Message History

The orc knight is severely wounded.
The iceblast engulfs the orc knight.
The orc knight is heavily wounded.
Evoking this partially-identified wand wasted a few charges.
The orc knight closely misses you.
The orc knight roars a battlecry!
The orc knight goes into a battle-frenzy!
Evoke which item? (* to show all) (? for menu, Esc to quit)
Zapping:
o - a wand of iceblast {zapped: 5} (will waste charges)
Press: ? - help, Shift-Dir - straight line, f/p - orc knight
Aim: an orc knight, wielding a halberd and wearing a glowing scale mail (severely wounded, unusually strong)
The mass of ice explodes!
The iceblast engulfs the orc knight.
The orc knight is severely wounded.
The iceblast engulfs the orc knight.
The orc knight is heavily wounded.
Evoking this partially-identified wand wasted a few charges.
The orc knight no longer looks unusually strong.
The orc knight hits you from afar with a glaive!!!
Ouch! That really hurt!
You die...

####### ############
#######.....## ##..))))).∩.##
.....#.......######......))....#
.....'......)#)...#.......)....#
....)'...o.o))o)@.'...........∩#
....)'......)#o...#............#
.....#.......######.)..........#
#######.....## ##........∩.##
####### ############


You could see 4 orc knights.

Vanquished Creatures
  Menkaure (D:4)
  2 sky beasts
  7 orc warriors (Bailey)
  3 ogres
  2 centaurs
  A bullfrog (D:6)
  A scorpion (D:5)
  9 wights
  3 howler monkeys
  2 crimson imps
  3 hounds
  5 orc priests (D:4)
  2 bullfrog skeletons
  2 iguanas
  6 orc wizards
  Ijyb (D:2)
  Terence (D:3)
  3 worker ants
  3 hound skeletons (D:5)
  Robin (D:4)
  11 adders
  9 gnolls (D:3)
  An ooze (D:3)
  An adder zombie (D:5)
  A worm (D:3)
  5 leopard geckos
  59 orcs
  8 giant cockroaches
  22 goblins
  10 hobgoblins
  3 jackals (D:5)
  5 kobolds
  6 quokkas
  3 ball pythons
  7 bats
  2 frilled lizards
  A leopard gecko skeleton (D:6)
  A quokka skeleton (D:5)
  5 rats
218 creatures vanquished.

Notes
Turn   | Place    | Note
-------+----------+-------------------------------------------
     0 | D:1      | Hennin the Gargoyle Earth Elementalist began the quest for the Orb.
     0 | D:1      | Reached XP level 1. HP: 10/10 MP: 3/3
     4 | D:1      | Noticed an electric eel
     4 | D:1      | Noticed an electric eel
   257 | D:1      | Reached XP level 2. HP: 15/15 MP: 3/5
   566 | D:1      | Reached XP level 3. HP: 9/19 MP: 7/7
   576 | D:1      | Learned a level 3 spell: Stone Arrow
  1168 | D:2      | You fall through a shaft!
  1231 | D:2      | Reached XP level 4. HP: 24/24 MP: 8/8
  1706 | D:2      | Noticed Ijyb
  1725 | D:2      | Reached skill level 1 in Conjurations
  1741 | D:2      | Killed Ijyb
  2042 | D:3      | Reached XP level 5. HP: 28/28 MP: 10/10
  2404 | D:3      | Reached skill level 5 in Earth Magic
  2464 | D:3      | Reached XP level 6. HP: 12/32 MP: 12/12
  2844 | D:3      | Noticed Terence
  2850 | D:3      | Killed Terence
  4280 | D:4      | Noticed Menkaure
  4282 | D:4      | Killed Menkaure
  4282 | D:4      | Reached skill level 5 in Spellcasting
  4282 | D:4      | Reached XP level 7. HP: 35/36 MP: 7/14
  4658 | D:4      | Noticed Robin
  4717 | D:4      | Killed Robin
  5444 | D:4      | Reached XP level 8. HP: 41/41 MP: 6/16
  5451 | D:4      | Learned a level 5 spell: Lee's Rapid Deconstruction
  5811 | D:4      | Found a shadowy altar of Dithmenos.
  5992 | D:5      | Entered Level 5 of the Dungeon
  6105 | D:5      | Reached skill level 1 in Armour
  6112 | D:5      | Reached skill level 1 in Fighting
  6112 | D:5      | Reached skill level 1 in Maces & Flails
  6524 | D:5      | Found a hazy altar of Hepliaklqana.
  6525 | D:5      | Found a stormy altar of Qazlal.
  6955 | D:5      | Found a staircase to the Ecumenical Temple.
  6961 | Temple   | Entered the Ecumenical Temple
  7016 | Temple   | Became a worshipper of Vehumet
  7649 | D:6      | Reached skill level 5 in Conjurations
  7690 | D:6      | Reached XP level 9. HP: 36/48 MP: 12/19
  8291 | D:6      | Reached * piety under Vehumet
  8291 | D:6      | Offered knowledge of Magic Dart by Vehumet.
  8761 | D:7      | Found a flagged portal.
  8898 | Bailey   | Entered a bailey
  9260 | Bailey   | Noticed an orc knight
  9260 | Bailey   | Noticed an orc knight
  9274 | Bailey   | Reached ** piety under Vehumet
  9278 | Bailey   | Offered knowledge of Searing Ray by Vehumet.
  9290 | Bailey   | Noticed an orc knight
  9293 | Bailey   | Mangled by an orc knight

Vault maps used:
D:1:      arrival_aquarium_b, minmay_misc_feat_chi
D:2:      kennysheep_the_goblin_king, first_bread
D:3:      minmay_wonky_spiral, uniq_terence
D:4:      lemuel_doored_altar, uniq_menkaure, uniq_robin
D:5:      grunt_temple_overflow_open
D:7:      overflow_temple_1_default, enter_bailey_2
Temple:   minmay_crystal_spiral_temple
Bailey:   bailey_polearm_5, bailey

Skill      XL: |  1  2  3  4  5  6  7  8  9 |
---------------+----------------------------+-----
Earth Magic    | 4 5 6 7 |  7.8
Spellcasting   | 3 4 5 6 7 |  7.7
Conjurations   | 1 2 3 4 5 |  5.6
Armour         | 2 3 |  3.5
Fighting       | 2 3 |  3.7
Maces & Flails | 2 3 |  3.7
Dodging        | 2 3 |  3.2
Stealth        | |  2.1
Transmutations | |  0.7

Action                   |  1- 3 |  4- 6 |  7- 9 || total
-------------------------+-------+-------+-------++-------
Melee: Dagger            |    23 |   187 |   341 ||   551
       Spear             |    44 |    31 |       ||    75
 Cast: Sandblast         |    14 |       |     1 ||    15
       Stone Arrow       |       |     8 |    42 ||    50
       Lee's Rapid Decon |       |       |    19 ||    19
Evoke: Wand              |       |       |    19 ||    19
  Use: Scroll            |     2 |    11 |     5 ||    18
       Potion            |       |     1 |     9 ||    10
 Stab: Distracted        |     1 |       |       ||     1
       Sleeping          |     2 |     1 |     4 ||     7
  Eat: Chunk             |     1 |    11 |    20 ||    32
       Beef jerky        |       |       |     1 ||     1
       Fruit             |       |       |     9 ||     9
Armor: Robe              |    21 |    67 |   151 ||   239
       Skin              |       |       |     3 ||     3
Dodge: Dodged            |    34 |   125 |   225 ||   384
